 Dungeon Crawl Stone Soup version 0.31-a0-233-g139696dc86 (webtiles) character file.

Game seed: 14504683237844983094

97 qw the Shooter (level 4, -2/26 HPs)
             Began as a Gargoyle Hexslinger on July 7, 2023.
             Slain by a +2 spectral club (3 damage)
             ... created by Robin
             ... on level 2 of the Dungeon.
             The game lasted 00:00:42 (1367 turns).

qw the Shooter (Gargoyle Hexslinger)                Turns: 1367, Time: 00:00:42

Health: -2/26      AC:  9    Str: 12    XL:     4   Next: 68%
Magic:  5/5        EV: 10    Int: 13    God:
Gold:   51         SH:  0    Dex: 14    Spells: 4/5 levels left

rFire   . . .        Y - +1 sling
rCold   + . .        (no shield)
rNeg    + . .        l - +0 ring mail
rPois   inf          i - +0 helmet
rElec   +            (no cloak)
rCorr   .            (no gloves)
SInv    .            (no boots)
Will    .....        (no amulet)
Stlth   +            e - ring of protection from cold
HPRegen 0.24/turn    (no ring)
MPRegen 0.09/turn

%: no passive effects
@: no status effects
A: sickness immunity, AC +3, negative energy resistance 1, electricity
resistance, torment resistance 1, petrification resistance
a: no special abilities


You were on level 2 of the Dungeon.
You visited 1 branch of the dungeon, and saw 2 of its levels.

You collected 75 gold pieces.
You spent 24 gold pieces at shops.


Innate Abilities, Weirdness & Mutations

You are immune to sickness and miasma.
Your stone body is resilient. (AC +3)
You are immune to poison.
You resist negative energy. (rN+)
You are resistant to electric shocks. (rElec)
You are resistant to unholy torment.
You are immune to petrification.


   Skills:
 - Level 2.0 Fighting
 + Level 4.2 Ranged Weapons
 - Level 1.0 Armour
 - Level 1.5 Dodging
 - Level 1.0 Spellcasting
 - Level 2.6 Hexes


You had 4 spell levels left.
You knew the following spells:

 Your Spells              Type           Power      Damage    Failure   Level
a - Slow                  Hex            28%        N/A       22%         1

Your spell library contained the following spells:

 Spells                   Type           Power      Damage    Failure   Level
 Inner Flame              Hex/Fire       4%         N/A       73%         3
 Portal Projectile        Hex/Tloc       8%         N/A       73%         3
 Cause Fear               Hex            3%         N/A       91%         4

Inventory:

Hand Weapons
 Y - a +1 sling (weapon)
Armour
 a - a +0 pair of gloves
 i - a +0 helmet (worn)
 l - a +0 ring mail (worn)
Jewellery
 e - a ring of protection from cold (left hand)
Scrolls
 c - a scroll of enchant armour {unknown}
 g - 2 scrolls of fog {unknown}
 h - a scroll of torment {unknown}
 m - a scroll of identify
 n - a scroll of fear {unknown}
Potions
 b - a potion of degeneration {unknown}
 d - a potion of cancellation {unknown}
 f - a potion of curing {unknown}
 j - a potion of berserk rage {unknown}
 k - 2 potions of mutation {unknown}

Dungeon Overview and Level Annotations

Branches:
Dungeon (2/15)

Altars:

Shops:
D:2 *

Annotations:
D:2 Robin


Message History

Enter note:
Enter note:
Enter note:
Enter note:
Enter note:
Enter note: Robin is nearby!
Enter note:
Enter note:
Enter note:
Enter note:
Enter note:
Enter note:
Enter note:
Enter note:
Enter note: You shoot a sling bullet.
The sling bullet closely misses Robin.
You shoot a sling bullet.
The sling bullet hits Robin but does no damage.
You shoot a sling bullet. The sling bullet hits Robin.
Robin is lightly wounded.
You shoot a sling bullet. The sling bullet hits Robin.
Robin is heavily wounded.
Robin barely misses you. The +2 spectral club barely misses you.
A +2 spectral club comes into view.
You shoot a sling bullet. The sling bullet hits Robin.
Robin is heavily wounded.
The +2 spectral club hits you but does no damage.
Robin hits you with a +2 spectral club. The +2 spectral club hits you.
The +2 spectral club hits you! Robin closely misses you.
The +2 spectral club hits you.
The +2 spectral club hits you but does no damage.
You shoot a sling bullet. The sling bullet hits Robin.
Robin is severely wounded.
The +2 spectral club hits you but does no damage. x2
The +2 spectral club hits you. Robin hits you but does no damage.
The +2 spectral club hits you. The +2 spectral club barely misses you.
You shoot a sling bullet. The sling bullet barely misses Robin.
The +2 spectral club hits you! The +2 spectral club hits you.
You die...

....####.### # #.#)#
.....# .....#. ..#.#
.###......##...####)#####
..............[.........#
########...#<..#...)....#
# #\....)..# #.........#
## #g.........# )########
#@(........^ ........#
#...............
#######..#
#.........)..... .#
......###...>.... .#
###... ....... .# ####
...... .# ...... .# .....
##


You could see a +2 spectral club and Robin.

Vanquished Creatures
  3 adders
  4 dart slugs
  An orc (D:2)
  4 ball pythons
  3 endoplasms
  A giant cockroach (D:2)
  12 goblins
  10 hobgoblins
  A quokka (D:1)
  4 bats
  A frilled lizard (D:1)
  5 kobolds
  6 rats
55 creatures vanquished.

Notes
Turn   | Place    | Note
-------+----------+-------------------------------------------
     0 | D:1      | qw the Gargoyle Hexslinger began the quest for the Orb.
     0 | D:1      | Reached XP level 1. HP: 12/12 MP: 2/2
     0 | D:1      | 0 ||| qw: Version: 0.3-a-46-gb1f654a
     0 | D:1      | 0 ||| qw: Game counter: 3174
     0 | D:1      | 0 ||| qw: Melee chars always use a shield: true
     0 | D:1      | 0 ||| qw: God list: Okawaru
     0 | D:1      | 0 ||| qw: Allow faded altars: false
     0 | D:1      | 0 ||| qw: Do Orc after clearing Dungeon:15 true
     0 | D:1      | 0 ||| qw: Do second Lair branch before Depths: true
     0 | D:1      | 0 ||| qw: Lair rune preference: random
     0 | D:1      | 0 ||| qw: Goals: Normal
     0 | D:1      | 0 ||| PLANNING D:1-11
   129 | D:1      | Reached XP level 2. HP: 16/16 MP: 3/3
   273 | D:1      | Reached skill level 3 in Ranged Weapons
   455 | D:1      | Reached XP level 3. HP: 21/21 MP: 4/4
   720 | D:1      | 720 ||| UPGRADING to +0 helmet.
   725 | D:1      | 725 ||| UPGRADING to +0 ring mail.
   735 | D:1      | 735 ||| DROPPING +0 robe.
   736 | D:1      | 736 ||| UPGRADING to ring of protection from cold.
   737 | D:1      | 737 ||| READING scroll labelled WIVVIY USOBAMU.
   741 | D:1      | 741 ||| READING 2 scrolls labelled JULEMOMEFF.
   742 | D:1      | 742 ||| READING scroll labelled NIODIV XORAUDA.
   743 | D:1      | 743 ||| READING scroll labelled DINNYU JEXO.
   744 | D:1      | 744 ||| DROPPING scroll of poison.
   745 | D:1      | 745 ||| DROPPING scroll of blinking.
   781 | D:2      | 781 ||| STAIRDANCE
   783 | D:2      | 783 ||| STAIRDANCE
   793 | D:1      | Reached skill level 1 in Armour
   832 | D:2      | Identified the +5 war axe "Ussac" {freeze, Fragile rPois
                  | rF+}
   901 | D:2      | Reached XP level 4. HP: 26/26 MP: 5/5
  1087 | D:2      | Found Acaub's General Store.
  1089 | D:2      | Noticed Robin
  1091 | D:2      | Reached skill level 4 in Ranged Weapons
  1114 | D:2      | HP: 6/26 [hobgoblin[Robin] (5)]
  1115 | D:2      | 1115 ||| READING scroll of teleportation.
  1357 | D:2      | 1357 ||| SHOPLISTING scroll of enchant weapon (90 gold,
                  | have 75).
  1357 | D:2      | 1357 ||| BUYING scroll of identify (24 gold).
  1357 | D:2      | Bought a scroll of identify for 24 gold pieces
  1367 | D:2      | HP: 1/26 [+2 spectral club[Robin] (7)]
  1367 | D:2      | Slain by a +2 spectral club

Levels and vault maps discovered:
D:1:      amcnicky_arrival_underground_garden, layout_basic,
          grunt_decor_junction, palyth_stone_intersect
D:2:      layout_rooms, serial_shops, shop, uniq_robin

Skill      XL: |  1  2  3  4 |
---------------+-------------+-----
Ranged Weapons | 3 4 |  4.2
Fighting       | 2 |  2.0
Armour         | 1 |  1.0
Dodging        | |  1.5
Spellcasting   | |  1.0
Hexes          | |  2.6

Action                     |  1- 3 |  4- 6 || total
---------------------------+-------+-------++-------
   Fire: Sling             |   120 |    64 ||   184
    Use: Scroll            |     4 |     1 ||     5
 Armour: Robe              |    14 |       ||    14
         Ring mail         |    18 |    26 ||    44
  Dodge: Dodged            |    36 |    23 ||    59

Table legend:
 A = Non-vault XP
 B = Vault XP
 C = Vault XP percentage of total XP
 D = Non-vault monster count
 E = Vault monster count
 F = Vault count percentage of total count
                 A         B        C        D         E       F
            +---------+---------+-------+---------+---------+-------
      Total |     117 |      22 |  15.8 |      44 |      11 |  20.0
            +---------+---------+-------+---------+---------+-------
        D:1 |      59 |       0 |   0.0 |      26 |       0 |   0.0
        D:2 |      58 |      22 |  27.5 |      18 |      11 |  37.9
            +---------+---------+-------+---------+---------+-------
